 Dungeon Crawl Stone Soup version 0.29.0-4-gdea44cf6ec (webtiles) character file.

Game seed: 5630567288374577297

71 qw the Chopper (level 4, 0/28 HPs)
             Began as a Gargoyle Fighter on Sept 9, 2022.
             Slain by an adder (2 damage)
             ... on level 3 of the Dungeon.
             The game lasted 00:00:54 (1478 turns).

qw the Chopper (Gargoyle Fighter)                   Turns: 1478, Time: 00:00:54

Health: 0/28       AC: 10    Str: 21    XL:     4   Next: 24%
Magic:  4/4        EV:  9    Int:  9    God:
Gold:   80         SH:  4    Dex:  9    Spells: 3/3 levels left

rFire   . . .      SeeInvis .   Y - +1 war axe (vorpal)
rCold   . . .      Faith    .   c - +0 buckler
rNeg    + . .      Spirit   .   b - +0 scale mail
rPois   inf        Reflect  .   (no helmet)
rElec   +          Harm     .   (no cloak)
rCorr   .          Rampage  .   (no gloves)
Will    .....                   (no boots)
Stlth   ..........              (no amulet)
HPRegen 0.09/turn               (no ring)
MPRegen 0.09/turn               (no ring)

@: no status effects
A: sickness immunity, AC +3, negative energy resistance 1, electricity
resistance, torment resistance 1, petrification resistance
a: no special abilities


You were on level 3 of the Dungeon.
You visited 1 branch of the dungeon, and saw 3 of its levels.

You collected 80 gold pieces.


Innate Abilities, Weirdness & Mutations

You are immune to sickness and miasma.
Your stone body is resilient. (AC +3)
You are immune to poison.
You resist negative energy. (rN+)
You are resistant to electric shocks. (rElec)
You are resistant to unholy torment.
You are immune to petrification.


   Skills:
 - Level 3.2 Fighting
 + Level 4.0 Axes
 - Level 3.2 Armour
 - Level 3.2 Shields


You had 3 spell levels left.
You didn't know any spells.
Your spell library was empty.

Inventory:

Hand Weapons
 a - a +0 flail
 Y - a +1 vorpal war axe (weapon)
Armour
 b - a +0 scale mail (worn)
 c - a +0 buckler (worn)
 g - a +0 plate armour
Scrolls
 e - a scroll of teleportation {unknown}
 h - a scroll of identify
Potions
 d - a potion of might
 f - a potion of haste {unknown}
 i - a potion of curing
 j - a potion of magic {unknown}
 l - a potion of brilliance {unknown}

Dungeon Overview and Level Annotations

Branches:
Dungeon (3/15)

Altars:


Message History

The adder bites you but does no damage. The gnoll hits you but does no damage.
The adder barely misses you.
You hit the gnoll.
The gnoll is severely wounded.
You barely miss the adder. The gnoll barely misses you.
The adder bites you but does no damage. x2
The gnoll hits you with a +1 flail of protection.
You hit the gnoll.
The gnoll is almost dead.
You hit the adder but do no damage. The adder bites you but does no damage.
The gnoll barely misses you.
You barely miss the gnoll.
The gnoll is almost dead.
You barely miss the adder. The adder closely misses you.
The gnoll hits you with a +1 flail of protection.
The adder bites you but does no damage.
You closely miss the gnoll.
The gnoll is almost dead.
You closely miss the adder. The adder completely misses you.
The gnoll barely misses you. The adder bites you but does no damage.
The gnoll barely misses you.
You hit the gnoll.
You kill the gnoll!
You miss the adder.
The adder bites you but does no damage. x2
Your Axes skill increases to level 4!
You miss the adder.
The adder is moderately wounded.
You block the adder's attack.
You barely miss the adder.
The adder is moderately wounded.
The adder bites you. The adder bites you but does no damage.
You hit the adder.
The adder is severely wounded.
You block the adder's attack. The adder barely misses you.
You closely miss the adder.
The adder is severely wounded.
The adder barely misses you. The adder bites you.
You die...

..####.#.####.##.....#..#..#
......|.....#.##...#..#....#
..####.#.#.................#
#.#.#..#..#...#.##.##.#
######.#.#..#...#.#..##.##.#
#......#.#..##..........##.##
#.######.#.^....#.#[........#
..# #.#.###.#.S...########
..# .........@)...# ..#
#########.### ..# #.# ..# #.#
#.# #.# .... #.# .##.# .S# .#
#.# .


You could see an adder.

Vanquished Creatures
  A gnoll (D:3)
  A dart slug (D:1)
  2 orcs (D:3)
  6 ball pythons
  9 endoplasms
  A giant cockroach (D:1)
  5 goblins
  2 hobgoblins
  8 jackals (D:1)
  2 quokkas
  3 bats
  A frilled lizard (D:1)
  6 kobolds (D:1)
  2 rats (D:1)
49 creatures vanquished.

Notes
Turn   | Place    | Note
-------+----------+-------------------------------------------
     0 | D:1      | qw the Gargoyle Fighter began the quest for the Orb.
     0 | D:1      | Reached XP level 1. HP: 14/14 MP: 1/1
     0 | D:1      | 0 ||| qw: Version: 0.1-a-113-g051387a
     0 | D:1      | 0 ||| qw: Game counter: 7156
     0 | D:1      | 0 ||| qw: Always use a shield: true
     0 | D:1      | 0 ||| qw: God list: Okawaru
     0 | D:1      | 0 ||| qw: Allow faded altars: false
     0 | D:1      | 0 ||| qw: Do Orc after D:15 true
     0 | D:1      | 0 ||| qw: Do second Lair branch before Depths: true
     0 | D:1      | 0 ||| qw: Lair rune preference: random
     0 | D:1      | 0 ||| qw: Plans: Normal, Zot, God:TSO, Crypt, Tomb, Zig,
                  | Orb
     0 | D:1      | 0 ||| PLANNING D:1-11
    24 | D:1      | Reached skill level 2 in Axes
    56 | D:1      | 56 ||| DROPPING +0 club.
    75 | D:1      | 75 ||| Stepping ~*~*~tactically~*~*~ (stealth).
    79 | D:1      | 79 ||| Stepping ~*~*~tactically~*~*~ (stealth).
    93 | D:1      | Reached XP level 2. HP: 19/19 MP: 2/2
   217 | D:1      | 217 ||| Stepping ~*~*~tactically~*~*~ (stealth).
   246 | D:1      | Reached skill level 3 in Axes
   343 | D:1      | Reached XP level 3. HP: 23/23 MP: 3/3
   650 | D:1      | 650 ||| DROPPING amulet of faith.
   651 | D:1      | 651 ||| DROPPING ring of magical power.
   652 | D:1      | 652 ||| READING scroll labelled QYBLUB QOUKKOS.
   653 | D:1      | 653 ||| READING scroll labelled EDAKYM IKLERAS.
   654 | D:1      | 654 ||| READING scroll labelled ZEUFFY XOBBY.
   733 | D:2      | 733 ||| Stepping ~*~*~tactically~*~*~ (stealth).
  1273 | D:2      | 1273 ||| READING scroll labelled ZIKAOGH NYEHAQIXY.
  1274 | D:2      | 1274 ||| READING scroll labelled KURAWK KU NUHE.
  1275 | D:2      | 1275 ||| DRINKING 2 cyan potions.
  1325 | D:3      | Reached XP level 4. HP: 28/28 MP: 4/4
  1328 | D:3      | 1328 ||| DROPPING +0 whip.
  1460 | D:3      | 1460 ||| Stepping ~*~*~tactically~*~*~ (stealth).
  1461 | D:3      | 1461 ||| Stepping ~*~*~tactically~*~*~ (stealth).
  1470 | D:3      | HP: 7/28 [gnoll/+1 flail of protection (6)]
  1475 | D:3      | Reached skill level 4 in Axes
  1476 | D:3      | HP: 2/28 [adder (2)]
  1478 | D:3      | Slain by an adder

Levels and vault maps discovered:
D:1:      minmay_arrival_shattered_statue, layout_rooms
D:2:      layout_rooms
D:3:      layout_basic, hangedman_abyss_or_decor_lesser_grid, grunt_ministairs_8

Skill      XL: |  1  2  3  4 |
---------------+-------------+-----
Axes           | 2 3 4 |  4.0
Fighting       | |  3.2
Armour         | |  3.2
Shields        | |  3.2

Action                   |  1- 3 |  4- 6 || total
-------------------------+-------+-------++-------
Melee: War axe           |   106 |    18 ||   124
  Use: Scroll            |     5 |       ||     5
       Potion            |     1 |       ||     1
Armor: Scale mail        |    49 |    12 ||    61
Dodge: Dodged            |    49 |    15 ||    64
Block: Buckler           |    28 |     4 ||    32

Table legend:
 A = Non-vault XP
 B = Vault XP
 C = Vault XP percentage of total XP
 D = Non-vault monster count
 E = Vault monster count
 F = Vault count percentage of total count
                 A         B        C        D         E       F
            +---------+---------+-------+---------+---------+-------
      Total |     102 |       0 |   0.0 |      49 |       0 |   0.0
            +---------+---------+-------+---------+---------+-------
        D:1 |      57 |       0 |   0.0 |      32 |       0 |   0.0
        D:2 |      24 |       0 |   0.0 |      13 |       0 |   0.0
        D:3 |      21 |       0 |   0.0 |       4 |       0 |   0.0
            +---------+---------+-------+---------+---------+-------
